[Event "Catalonia Championship Veterans 2024"]
[Site "Salou Tarragona"]
[Date "2024.05.16"]
[Round "6.3"]
[White "Parals Marce, Luis"]
[Black "Noria Silvestre, Joaquin"]
[Result "1-0"]
[ECO "B07"]
[WhiteElo "2000"]
[BlackElo "2126"]
[Annotator "RC"]
[PlyCount "130"]
[EventDate "2024.05.11"]
[EventType "swiss"]
[EventCountry "ESP"]
[SourceTitle "playchess.com"]
[Source "ChessBase"]
[SourceQuality "1"]
[TimeControl "5400+30"]

1. e4 d6 2. d4 Nf6 3. Nc3 g6 4. Bg5 Bg7 5. e5 Nfd7 6. f4 f6 7. exf6 exf6 8. Bh4 Qe7+ 9. Qe2 c6 10. Qxe7+ Kxe7 11. d5 Kd8 12. O-O-O Re8 13. dxc6 bxc6 14. Rxd6 Kc7 15. Rd1 Nc5 16. Bf2 Nba6 17. Bxa6 Nxa6 18. Nf3 Bg4 19. Rhe1 Bxf3 20. gxf3 Bh6 21. Bg3 f5 22. Kb1 Nc5 23. Ne2 Ne6 24. Nd4 Nxd4 25. Rxd4 c5 26. Rdd1 Rxe1 27. Rxe1 Kd6 28. c3 a6 29. Kc2 c4 30. Rd1+ Ke6 31. Rd4 Rc8 32. Bh4 Bf8 33. Rd2 Bd6 34. Re2+ Kd7 35. Bg5 Re8 36. Rxe8 Kxe8 37. Bh6 Kd7 38. b3 a5 39. bxc4 Kc6 40. a4 Bc7 41. Kd3 Bd6 42. Kd4 Bc5+ 43. Kd3 Bd6 44. h3 Kc5 45. Bg5 Kc6 46. Bd8 Bxf4 47. Bxa5 Bb8 48. Bd8 Bd6 49. a5 Bh2 50. a6 Bg1 51. Bf6 Bh2 52. Bd4 h6 53. Be3 g5 54. Ke2 Bc7 55. Kf2 Be5 56. Bd4 Bc7 57. c5 Bb8 58. c4 h5 59. Kg2 g4 60. fxg4 fxg4 61. hxg4 hxg4 62. Bf2 Kd7 63. Kf1 Kc6 64. Ke2 Ba7 65. Bg1 g3 1-0

[Event "Catalonia Championship Veterans 2024"]
[Site "Salou Tarragona"]
[Date "2024.05.16"]
[Round "6.4"]
[White "Torrecillas Martinez, Antonio"]
[Black "Lacasa Diaz, Josep Anton"]
[Result "1/2-1/2"]
[ECO "D33"]
[WhiteElo "2298"]
[BlackElo "2335"]
[Annotator "TA"]
[PlyCount "23"]
[EventDate "2024.05.11"]
[EventType "swiss"]
[EventCountry "ESP"]
[SourceTitle "playchess.com"]
[Source "ChessBase"]
[SourceQuality "1"]
[TimeControl "5400+30"]

1. d4 d5 2. c4 e6 3. Nc3 c5 4. cxd5 exd5 5. Nf3 Nf6 6. g3 Nc6 {[%emt 0:00:43] The position is equal.} 7. a3 c4 8. Bg5 Be7 9. Bg2 Be6 10. O-O O-O 11. e3 h6 12. Bxf6 {[%emt 0:00:24] Not much happened in this game.   Weighted Error Value: White=0.05 (flawless) /Black=0.01 (flawless) .  OK:         	White=4     	Black=4} 1/2-1/2

[Event "Catalonia Championship Veterans 2024"]
[Site "Salou Tarragona"]
[Date "2024.05.16"]
[Round "6.5"]
[White "Fernandez Muixi, Francesc"]
[Black "Tosan Pereira, Felipe"]
[Result "1-0"]
[ECO "B79"]
[WhiteElo "1988"]
[BlackElo "2062"]
[Annotator "RC"]
[PlyCount "85"]
[EventDate "2024.05.11"]
[EventType "swiss"]
[EventCountry "ESP"]
[SourceTitle "playchess.com"]
[Source "ChessBase"]
[SourceQuality "1"]
[TimeControl "5400+30"]

1. e4 c5 2. Nf3 g6 3. d4 Bg7 4. Nc3 cxd4 5. Nxd4 Nc6 6. Be3 Nf6 7. Bc4 O-O 8. Bb3 Qa5 9. f3 d6 10. Qd2 Bd7 11. O-O-O Ne5 12. Kb1 Rfc8 13. g4 Nc4 14. Bxc4 Rxc4 15. g5 Ne8 16. h4 Rac8 17. h5 Rxc3 18. bxc3 Rc4 19. Nb3 Qa3 20. Qc1 Qa6 21. Bd4 e5 22. Be3 Nc7 23. Rd3 Ra4 24. Qb2 Bb5 25. Rd2 Bc4 26. hxg6 hxg6 27. Rdh2 Nb5 28. Ka1 Na3 29. f4 Be6 30. Bc1 Nc4 31. Qb1 exf4 32. Bb2 b5 33. Nd4 Bd7 34. Bc1 Be5 35. Bxf4 Bg7 36. Bg3 Ne3 37. Be1 Bg4 38. Bd2 Nc4 39. Be1 b4 40. Bf2 Nd2 41. Qb2 Nxe4 42. cxb4 Be6 43. Rh8+ 1-0

[Event "Catalonia Championship Veterans 2024"]
[Site "Salou Tarragona"]
[Date "2024.05.16"]
[Round "6.6"]
[White "Brusi Noguera, Ricardo Ll."]
[Black "Jove Grau, Lluis"]
[Result "1-0"]
[ECO "D05"]
[WhiteElo "2059"]
[BlackElo "2049"]
[Annotator "RC"]
[PlyCount "55"]
[EventDate "2024.05.11"]
[EventType "swiss"]
[EventCountry "ESP"]
[SourceTitle "playchess.com"]
[Source "ChessBase"]
[SourceQuality "1"]
[TimeControl "5400+30"]

1. d4 d5 2. Nf3 e6 3. e3 c5 4. b3 Nf6 5. Bd3 Nc6 6. Bb2 Bd6 7. Nbd2 O-O 8. O-O Qc7 9. a3 e5 10. dxc5 Bxc5 11. b4 Bd6 12. e4 dxe4 13. Nxe4 Nxe4 14. Bxe4 f5 15. Bd5+ Kh8 16. Ng5 h6 17. Nf7+ Rxf7 18. Bxf7 Qxf7 19. Qxd6 Be6 20. Rad1 e4 21. Qf4 Kh7 22. f3 Bc4 23. Rfe1 g5 24. Qe3 Re8 25. fxe4 Rxe4 26. Qc3 Rxe1+ 27. Rxe1 Ne7 28. Rxe7 1-0

[Event "Catalonia Championship Veterans 2024"]
[Site "Salou Tarragona"]
[Date "2024.05.16"]
[Round "6.7"]
[White "Pogorelov, Ruslan"]
[Black "Sanchez Bernardino, Miguel Angel"]
[Result "1-0"]
[ECO "A28"]
[WhiteElo "2282"]
[BlackElo "1954"]
[Annotator "RC"]
[PlyCount "103"]
[EventDate "2024.05.11"]
[EventType "swiss"]
[EventCountry "ESP"]
[SourceTitle "playchess.com"]
[Source "ChessBase"]
[SourceQuality "1"]
[TimeControl "5400+30"]

1. c4 e5 2. Nc3 Nf6 3. Nf3 Nc6 4. e3 d5 5. cxd5 Nxd5 6. Bb5 Nxc3 7. bxc3 Bd7 8. d4 e4 9. Bxc6 bxc6 10. Ne5 Bd6 11. Nxd7 Qxd7 12. Qc2 Qg4 13. O-O O-O 14. h3 Qe6 15. Qa4 Rfb8 16. Ba3 Rb5 17. Bxd6 cxd6 18. Rab1 Qd7 19. c4 Rg5 20. Kh2 Qc7 21. d5 cxd5 22. cxd5 Re5 23. Rfc1 Qd8 24. Qc6 h6 25. Rb7 Qf6 26. Rxf7 Qxf7 27. Qxa8+ Kh7 28. Rc2 Rxd5 29. Qc8 a5 30. a4 Qe7 31. Qg4 Qe5+ 32. Qg3 Qe7 33. Qf4 g5 34. Qg4 Qe5+ 35. g3 Rc5 36. Rd2 Rd5 37. Qd7+ Kg6 38. Rxd5 Qxd5 39. Qe8+ Kg7 40. Qb5 Qd2 41. Kg2 Qb4 42. g4 Kf6 43. Qxb4 axb4 44. a5 b3 45. a6 b2 46. a7 b1=Q 47. a8=Q Qd3 48. Qf8+ Kg6 49. Qg8+ Kf6 50. Qh7 Qd5 51. Qxh6+ Kf7 52. Qh5+ 1-0

[Event "Catalonia Championship Veterans 2024"]
[Site "Salou Tarragona"]
[Date "2024.05.16"]
[Round "6.8"]
[White "Palacin Martin, Ricardo"]
[Black "Vallbona Domingo, Joan"]
[Result "1/2-1/2"]
[ECO "E14"]
[WhiteElo "1968"]
[BlackElo "1938"]
[Annotator "RC"]
[PlyCount "78"]
[EventDate "2024.05.11"]
[EventType "swiss"]
[EventCountry "ESP"]
[SourceTitle "playchess.com"]
[Source "ChessBase"]
[SourceQuality "1"]
[TimeControl "5400+30"]

1. d4 d5 2. c4 e6 3. Nc3 Nf6 4. e3 Be7 5. Nf3 b6 6. Bd3 Bb7 7. O-O Nbd7 8. Qe2 O-O 9. b3 Re8 10. Bb2 Bd6 11. e4 dxe4 12. Nxe4 Nxe4 13. Bxe4 Bxe4 14. Qxe4 Qf6 15. Rfe1 Qf5 16. Qxf5 exf5 17. d5 a5 18. Kf1 Kf8 19. h3 Rxe1+ 20. Rxe1 a4 21. Be5 Nxe5 22. Nxe5 g6 23. Nd3 axb3 24. axb3 Ra2 25. Rd1 Ke7 26. Ke1 Kd7 27. Rd2 Ra1+ 28. Ke2 Bf8 29. Ne5+ Ke7 30. f4 Ke8 31. Kf3 Rb1 32. Rd3 Bc5 33. g4 f6 34. Nc6 fxg4+ 35. hxg4 Rf1+ 36. Kg3 Rg1+ 37. Kh3 Rh1+ 38. Kg2 Rg1+ 39. Kh3 Rh1+ 1/2-1/2

[Event "Catalonia Championship Veterans 2024"]
[Site "Salou Tarragona"]
[Date "2024.05.16"]
[Round "6.9"]
[White "Melero Sanchez, Pere"]
[Black "Saldana Caballe, Enric"]
[Result "0-1"]
[ECO "D30"]
[WhiteElo "1934"]
[BlackElo "1967"]
[Annotator "RC"]
[PlyCount "66"]
[EventDate "2024.05.11"]
[EventType "swiss"]
[EventCountry "ESP"]
[SourceTitle "playchess.com"]
[Source "ChessBase"]
[SourceQuality "1"]
[TimeControl "5400+30"]

1. d4 d5 2. c4 e6 3. cxd5 exd5 4. Nc3 h6 5. Bf4 Bd6 6. Bxd6 Qxd6 7. e3 Bf5 8. Nf3 Nf6 9. Bd3 Bxd3 10. Qxd3 O-O 11. O-O Nbd7 12. Rac1 c6 13. a3 Qe7 14. b4 a6 15. Na4 Ne4 16. Nc5 Nd6 17. a4 Nb6 18. Ne5 Nbc4 19. f4 f6 20. Nxc4 dxc4 21. Rxc4 b6 22. Nb3 Nxc4 23. Qxc4+ Qf7 24. Qc3 Qd5 25. a5 Rab8 26. Ra1 Qb5 27. axb6 Rxb6 28. Nc5 Re8 29. Qb3+ Kh8 30. Qf7 Reb8 31. f5 Qe2 32. Qe6 Rxb4 33. Nd7 Rb1+ 0-1

[Event "Catalonia Championship Veterans 2024"]
[Site "Salou Tarragona"]
[Date "2024.05.16"]
[Round "6.10"]
[White "Mas Recorda, Pere"]
[Black "Cuadras Avellana, Jordi"]
[Result "0-1"]
[ECO "A88"]
[WhiteElo "1932"]
[BlackElo "2176"]
[Annotator "RC"]
[PlyCount "74"]
[EventDate "2024.05.11"]
[EventType "swiss"]
[EventCountry "ESP"]
[SourceTitle "playchess.com"]
[Source "ChessBase"]
[SourceQuality "1"]
[TimeControl "5400+30"]

1. d4 d6 2. Nf3 f5 3. c4 Nf6 4. Nc3 g6 5. g3 Bg7 6. Bg2 O-O 7. O-O c6 8. Qc2 Qe8 9. Bf4 Nbd7 10. d5 Nc5 11. Rad1 Bd7 12. Be3 cxd5 13. Bxc5 dxc5 14. Nxd5 Nxd5 15. cxd5 Rc8 16. Rd2 b5 17. e3 Qd8 18. b3 Qb6 19. Rfd1 c4 20. Nd4 c3 21. Re2 Bxd4 22. Rxd4 b4 23. Re1 a5 24. Bf1 Bb5 25. Bxb5 Qxb5 26. e4 f4 27. e5 fxg3 28. hxg3 Qb6 29. Rg4 Kg7 30. Re2 Rf3 31. Rf4 Rxf4 32. gxf4 Qd4 33. d6 Qxf4 34. d7 Qg4+ 35. Kf1 Qxd7 36. e6 Qd5 37. Qc1 Qh1# 0-1